 Dungeon Crawl Stone Soup version 0.26-a0-668-gd58323b419 (webtiles) character file.

Game seed: 13968557556690800489

92 jasper the Twirler (level 4, -1/33 HPs)
             Began as a Human Gladiator on Oct 18, 2020.
             Slain by Sigmund
             ... wielding a +0 scythe
              (9 damage)
             ... on level 3 of the Dungeon.
             The game lasted 00:04:52 (2147 turns).

jasper the Twirler (Human Gladiator)                Turns: 2147, Time: 00:04:53

Health: -1/33      AC:  7    Str: 11 (14) XL:     4   Next: 90%
Magic:  0/4        EV: 11    Int:  7 (8)  God:
Gold:   89         SH:  0    Dex: 13 (16) Spells: 3/3 levels left

rFire    . . .     SeeInvis .   a - +0 quarterstaff
rCold    . . .     Faith    .   (shield currently unavailable)
rNeg     . . .     Spirit   +   v - +0 ring mail
rPois    .         Reflect  .   c - +1 helmet
rElec    .         Harm     .   (no cloak)
rCorr    .         Rampage  .   (no gloves)
MR       .....                  (no boots)
Stlth    ++........             h - amulet of guardian spirit
HPRegen  0.11/turn              f - ring of stealth
MPRegen  0.09/turn              (no ring)

@: mighty, brilliant
A: no striking features
a: no special abilities


You were on level 3 of the Dungeon.
You visited 1 branch of the dungeon, and saw 3 of its levels.

You collected 89 gold pieces.

Inventory:

Hand Weapons
 a - a +0 quarterstaff (weapon)
 b - a +0 hunting sling
 n - a -3 hunting sling
Missiles
 d - 3 throwing nets
 g - 78 stones (quivered)
 o - 21 sling bullets
Armour
 c - a +1 helmet (worn)
 p - a +0 leather armour
 v - a +0 ring mail (worn)
Jewellery
 f - a ring of stealth (left hand)
 h - an amulet of guardian spirit (around neck)
Scrolls
 e - a scroll of magic mapping
 i - a scroll of enchant armour
 j - 2 scrolls of fog
 m - a scroll of enchant weapon {unknown}
 q - a scroll of identify {unknown}
 u - a scroll of blinking
Potions
 l - a potion of might
 t - a potion of heal wounds {unknown}


   Skills:
 - Level 2.0 Fighting
 + Level 5.2 Staves
 - Level 2.0 Throwing
 - Level 3.0 Dodging


You had 3 spell levels left.
You didn't know any spells.
Your spell library was empty.

Dungeon Overview and Level Annotations

Branches:
Dungeon (3/15)

Altars:
Dithmenos
Okawaru
Qazlal
Ru
Trog
Vehumet
Xom

Annotations:
D:3 Sigmund


Message History

You closely miss something. Something hits you but does no damage.
You closely miss something.
You hear some strange, mumbled words.
A puff of flame appears from out of thin air!
The puff of flame hits you!
You take 7 damage, and have 25/33 hp.
MASSIVE DAMAGE!!
You now have 2/4 mp.
You hit something. Something hits you!
You take 7 damage, and have 18/33 hp.
MASSIVE DAMAGE!!
You bump into the rock wall.
You miss something.
You hear some strange, mumbled words.
A magic dart appears from out of thin air!
The magic dart hits you.
You take 5 damage, and have 13/33 hp.
You now have 2/4 mp.
Something hits you.
* * * LOW HITPOINT WARNING * * *
You take 5 damage, and have 8/33 hp.
You now have 1/4 mp.
You feel less confused. Something hits you!
You die...

#+## #...## #
##.....##
#.######.......# #
#....##.........
#.#######..'~........
#....#....##.........
#.#.#.######@......#
#...#.# ##.....##
#...# #...## ##.##
#+## #.# # #.# #. #.#
#######.#### #.#
##..........#
#.###.#..#.....<#


There were no monsters in sight!

Vanquished Creatures
  Robin (D:2)
  2 adders
  2 dart slugs (D:1)
  A leopard gecko (D:2)
  7 bats
  2 giant cockroaches (D:1)
  11 goblins
  7 hobgoblins
  7 frilled lizards
  6 kobolds
  10 rats
56 creatures vanquished.

Notes
Turn   | Place    | Note
-------+----------+-------------------------------------------
     0 | D:1      | jasper the Human Gladiator began the quest for the Orb.
     0 | D:1      | Reached XP level 1. HP: 16/16 MP: 1/1
   155 | D:1      | Reached XP level 2. HP: 18/22 MP: 2/2
   684 | D:1      | Reached skill level 4 in Staves
   684 | D:1      | Reached XP level 3. HP: 27/27 MP: 3/3
  1234 | D:2      | Found an iron altar of Okawaru.
  1354 | D:2      | Noticed Robin
  1364 | D:2      | Killed Robin
  1364 | D:2      | Reached XP level 4. HP: 32/33 MP: 4/4
  1440 | D:2      | Found a burning altar of Makhleb.
  1442 | D:2      | Found an ornate altar of the Wu Jian Council.
  1442 | D:2      | Found a bloodstained altar of Trog.
  1445 | D:2      | Found a shimmering altar of Xom.
  1445 | D:2      | Found a radiant altar of Vehumet.
  1445 | D:2      | Found a sacrificial altar of Ru.
  1513 | D:2      | Found a shadowy altar of Dithmenos.
  1637 | D:2      | Found a stormy altar of Qazlal.
  1638 | D:2      | Noticed a fire elemental
  1732 | D:2      | Noticed a water elemental
  1747 | D:2      | Noticed an earth elemental
  1754 | D:2      | Noticed an air elemental
  1861 | D:2      | Reached skill level 5 in Staves
  2128 | D:3      | Noticed Sigmund
  2147 | D:3      | Slain by Sigmund

Illustrated notes

Levels and vault maps discovered:
D:1:      dpeg_arrival_concentric_ovals, layout_basic
D:2:      layout_basic, okawaru_ov_weapons_minmay,
          nicolae_dithmenos_shadow_blocks, nicolae_qazlal_style_of_elements,
          doesnt_xom_only_xom, grunt_decor_one_mirror, uniq_robin
D:3:      layout_loops_corners, lightli_temple_of_fire,
          lemuel_coloured_pillars_altar, uniq_sigmund, uniq_terence

Skill      XL: |  1  2  3  4 |
---------------+-------------+-----
Staves         | 4 5 |  5.2
Fighting       | |  2.0
Throwing       | |  2.0
Dodging        | |  3.0

Action                   |  1- 3 |  4- 6 || total
-------------------------+-------+-------++-------
Melee: Quarterstaff      |    44 |    13 ||    57
 Fire: Hunting sling     |   110 |    36 ||   146
Throw: Stone             |    33 |       ||    33
  Use: Scroll            |     7 |     1 ||     8
       Potion            |       |     4 ||     4
Armor: Leather armour    |    32 |     5 ||    37
       Ring mail         |       |     5 ||     5
Dodge: Dodged            |    84 |    23 ||   107

Table legend: (Time is in decaauts)
 A = Elapsed time spent in this place.
 B = Non-inter-level travel time spent in this place.
 C = Inter-level travel time spent in this place.
 D = Time resting spent in this place.
 E = Time spent auto-exploring this place.
 F = Levels seen in this place.
 G = Mean time per level.
                   A        B        C        D        E       F      G
               +--------+--------+--------+--------+--------+-----+--------+
         Total |   2173 |   2080 |     93 |     18 |   1586 |   3 |  724.3 |
       Dungeon |   2173 |   2080 |     93 |     18 |   1586 |   3 |  724.3 |
               +--------+--------+--------+--------+--------+-----+--------+

Top non-repeatable levels by time:
     D:1: 1283 daAuts
     D:2: 706 daAuts
     D:3: 182 daAuts
